 Dungeon Crawl Stone Soup version 0.30-a0-920-g7493c07aab (webtiles) character file.

Game seed: 15200614939309005779

126 Dirian the Covered (level 4, -3/41 HPs)
             Began as a Minotaur Fighter on Mar 21, 2023.
             Slain by a gnoll
             ... wielding a +0 flail
              (11 damage)
             ... on level 2 of the Dungeon.
             The game lasted 00:02:32 (1810 turns).

Dirian the Covered (Minotaur Fighter)               Turns: 1810, Time: 00:02:32

Health: -3/41      AC:  7    Str: 20    XL:     4   Next: 84%
Magic:  0/3        EV:  9    Int:  5    God:
Gold:   78         SH:  5    Dex: 12    Spells: 3/3 levels left

rFire   . . .      SeeInvis .    a - +0 long sword
rCold   . . .      Faith    .    c - +0 buckler
rNeg    . . .      Spirit   +    b - +0 scale mail
rPois   .          Reflect  .    (helmet restricted)
rElec   .          Rampage  .    (no cloak)
rCorr   .                        (no gloves)
Will    .....                    (no boots) Stlth
                                 p - amulet of guardian spirit
HPRegen 0.26/turn                (no ring)
MPRegen 0.08/turn                (no ring)

@: no status effects
A: horns 2, retaliatory headbutt
a: no special abilities


You were on level 2 of the Dungeon.
You visited 1 branch of the dungeon, and saw 3 of its levels.

You collected 78 gold pieces.

Inventory:

Hand Weapons
 a - a +0 long sword (weapon)
Armour
 b - a +0 scale mail (worn)
 c - a +0 buckler (worn)
Jewellery
 p - an amulet of guardian spirit (around neck)
Wands
 u - a wand of paralysis (9)
Scrolls
 g - a scroll of poison {unknown}
 h - a scroll of amnesia {unknown}
 i - a scroll of fear {unknown}
 j - a scroll of enchant weapon {unknown}
 k - 4 scrolls of teleportation {unknown}
 l - a scroll of noise {unknown}
 m - a scroll of enchant armour {unknown}
 n - 3 scrolls of identify {unknown}
 q - a scroll of vulnerability {unknown}
 t - a scroll of summoning {unknown}
Potions
 d - a potion of might
 e - a potion of ambrosia {unknown}
 f - 2 potions of lignification {unknown}
 o - a potion of flight {unknown}
 r - a potion of berserk rage {unknown}
 s - 2 potions of curing {unknown}


   Skills:
 + Level 4.3 Fighting
 + Level 4.1 Long Blades
 + Level 4.6 Armour
 + Level 4.4 Shields


You had 3 spell levels left.
You didn't know any spells.
Your spell library contained the following spells:

 Spells                   Type           Power      Damage    Failure   Level
 Beastly Appendage        Tmut           0%         N/A       88%         1
 Ensorcelled Hibernation  Hex/Ice        0%         N/A       96%         2
 Passwall                 Tmut/Erth      0%         N/A       96%         2
 Wereblood                Tmut           0%         N/A       96%         2
 Spider Form              Tmut/Pois      0%         N/A       99%         3
 Summon Guardian Golem    Hex/Summ       0%         N/A       99%         3
 Swiftness                Air            0%         N/A       99%         3
 Orb of Destruction       Conj           0%         9d5       100%        7
 Spellforged Servitor     Conj/Summ      0%         N/A       100%        7


Dungeon Overview and Level Annotations

Branches:
Dungeon (3/15) Zot: 16144

Altars:


Innate Abilities, Weirdness & Mutations

You have a pair of horns on your head.
You reflexively headbutt those who attack you in melee.


Message History

There is a stone staircase leading up here. 2 gnolls come into view.
Found 8 gold pieces.
Found a stone staircase leading down.
The gnoll shouts! x2; You hear a shout!
The gnoll moves out of view.
You hear a shout!
A gnoll is nearby!
A gnoll is nearby! 2 gnolls come into view.
Found 4 gold pieces.
The gnoll shouts!
You block the gnoll's attack. x2
You hit the gnoll. Your headbutt misses the gnoll.
The gnoll is lightly wounded.
The gnoll throws a throwing net.
The throwing net closely misses you. The gnoll hits you with a +0 club.
The gnoll hits you from afar with a +0 spear!
The gnoll barely misses you. The gnoll hits you with a +0 flail.
The gnoll barely misses you. The gnoll closely misses you.
You furiously retaliate!
You headbutt the gnoll! The gnoll attacks as you move away!
The gnoll hits you with a +0 flail. The gnoll attacks as you move away!
The gnoll hits you with a +0 flail. The gnoll attacks as you move away!
You block the gnoll's attack.
There is a stone staircase leading up here.
The gnoll hits you with a +0 flail!
You climb upwards.
There is a stone staircase leading down here.
You closely miss the gnoll. The gnoll hits you with a +0 flail.
You barely miss the gnoll. The gnoll hits you with a +0 flail.
You closely miss the gnoll. Your headbutt misses the gnoll.
The gnoll hits you but does no damage.
You closely miss the gnoll. Your headbutt misses the gnoll.
The gnoll hits you with a +0 flail!
* * * LOW HITPOINT WARNING * * *
You closely miss the gnoll. You block the gnoll's attack.
The gnoll closely misses you.
You hit the gnoll.
The gnoll is moderately wounded.
The gnoll hits you with a +0 flail!
You die...

...##..# #....#### #.#######
.......# #.#.## #.......#
...##.## #.#.# #######.#
.####.# #.#.# #.# .# #.#
#.#)# #.# .# #.# #####.#.#
#.# .####.#
#.......##############.#
......#
#.###...............##.#
.###### #.#
##..@...........##.# .# #.#
#..g..............## .## #.#
#############.......
..#######.# ##.#####
#.........# #.# ..#########
#.# ...# ################.#
.#.# #.........)......#
##.#########.################


You could see a gnoll.

Vanquished Creatures
  3 gnolls (D:3)
  5 adders
  An orc (D:3)
  6 ball pythons
  4 bats
  4 endoplasms (D:1)
  2 giant cockroaches (D:1)
  2 goblins
  2 hobgoblins (D:2)
  8 jackals
  4 frilled lizards
  5 kobolds
  7 rats
53 creatures vanquished.

Notes
Turn   | Place    | Note
-------+----------+-------------------------------------------
     0 | D:1      | Dirian the Minotaur Fighter began the quest for the Orb.
     0 | D:1      | Reached XP level 1. HP: 19/19 MP: 0/0
   211 | D:1      | Reached XP level 2. HP: 24/27 MP: 1/1
   305 | D:1      | Found a faded altar of an unknown god.
   821 | D:2      | Reached XP level 3. HP: 26/33 MP: 2/2
  1099 | D:2      | Reached XP level 4. HP: 40/40 MP: 3/3
  1810 | D:2      | Slain by a gnoll

Illustrated notes

Levels and vault maps discovered:
D:1:      dpeg_arrival_refuge, layout_loops_cross,
          shapermc_ecumenical_altar_mp_vishouse, minmay_hexomino_f4
D:2:      layout_loops_ring, nicolae_half_adder
D:3:      layout_rooms

Skill      XL: |  1  2  3  4 |
---------------+-------------+-----
Armour         | 4 |  4.6
Shields        | 4 |  4.4
Fighting       | 4 |  4.3
Long Blades    | 3 4 |  4.1

Action                     |  1- 3 |  4- 6 || total
---------------------------+-------+-------++-------
  Melee: Long sword        |   109 |    45 ||   154
         Headbutt          |    15 |     8 ||    23
 Armour: Scale mail        |    52 |    13 ||    65
  Dodge: Dodged            |    67 |    19 ||    86
  Block: Buckler           |    34 |    14 ||    48

Table legend: (Time is in decaauts)
 A = Elapsed time spent in this place.
 B = Non-inter-level travel time spent in this place.
 C = Inter-level travel time spent in this place.
 D = Time resting spent in this place.
 E = Time spent auto-exploring this place.
 F = Levels seen in this place.
 G = Mean time per level.
                   A        B        C        D        E       F      G
               +--------+--------+--------+--------+--------+-----+--------+
         Total |   1854 |   1816 |     38 |     98 |   1231 |   3 |  618.0 |
       Dungeon |   1854 |   1816 |     38 |     98 |   1231 |   3 |  618.0 |
               +--------+--------+--------+--------+--------+-----+--------+

Top non-repeatable levels by time:
     D:2: 822 daAuts
     D:1: 810 daAuts
     D:3: 221 daAuts
